 Dungeon Crawl Stone Soup version 0.30-a0-782-ge64f9170bb (webtiles) character file.

Game seed: 13483988790969094786

22 theswoord the Twirler (level 2, -6/22 HPs)
             Began as a Demonspawn Gladiator on Mar 16, 2023.
             Mangled by Grinder (9 damage)
             ... on level 3 of the Dungeon.
             The game lasted 00:02:08 (1403 turns).

theswoord the Twirler (Demonspawn Gladiator)        Turns: 1403, Time: 00:02:08

Health: -6/22      AC:  8    Str: 14    XL:     2   Next: 68%
Magic:  2/2        EV:  6    Int:  9    God:
Gold:   97         SH:  0    Dex: 14    Spells: 1/1 levels left

rFire   . . .      SeeInvis +    a - +0 quarterstaff
rCold   . . .      Faith    .    (shield currently unavailable)
rNeg    . . .      Spirit   .    g - +0 chain mail
rPois   .          Reflect  .    (helmet restricted)
rElec   .          Harm     .    (no cloak)
rCorr   .          Rampage  .    (no gloves)
Will    .....                    (no boots) Stlth
                                 (no amulet)
HPRegen 0.23/turn                l - ring of see invisible
MPRegen 0.08/turn                (no ring)

@: flying, invisible
A: horns 1
a: no special abilities


You were on level 3 of the Dungeon.
You visited 1 branch of the dungeon, and saw 3 of its levels.

You collected 97 gold pieces.

Inventory:

Hand Weapons
 a - a +0 quarterstaff (weapon)
Missiles
 d - 2 throwing nets (quivered)
 e - a javelin
Armour
 b - a +0 leather armour
 c - a +0 helmet
 g - a +0 chain mail (worn)
 i - a +0 plate armour
Jewellery
 l - a ring of see invisible (left hand)
Scrolls
 f - 3 scrolls of teleportation
 h - 2 scrolls of identify
 j - a scroll of fog
 o - 2 scrolls of fear {unknown}


   Skills:
 - Level 2.0 Fighting
 + Level 3.6 Staves
 - Level 1.7 Throwing
 - Level 2.6 Dodging


You had one spell level left.
You didn't know any spells.
Your spell library was empty.

Dungeon Overview and Level Annotations

Branches:
Dungeon (3/15)

Altars:
Okawaru
Trog

Annotations:
D:3 2 exclusions, Grinder


Innate Abilities, Weirdness & Mutations

You have a pair of small horns on your head.


Message History

You kill the kobold!
No target in view!
No target in view!
Things that are here:
a +0 dagger; 2 stones; a kobold corpse
o - 2 scrolls labelled RIOLUSHR GEASAC (gained 1)
Found a stone staircase leading down.
There is a stone staircase leading down here.
Grinder comes into view.
Found a stone staircase leading down.
Grinder shouts!
Grinder is nearby!
Grinder is nearby!
Throw: 3 throwing nets
Aim: Grinder (55% to hit)
You throw a throwing net. The throwing net hits Grinder.
Grinder is caught in the net!
Grinder blinks!
Unknown command.
It was a potion of curing.
You feel better.
It was a potion of invisibility.
You fade into invisibility!
Grinder gestures at you.
You suddenly lose the ability to move!
Grinder hits you.
You writhe in agony.
Grinder hits you.
* * * LOW HITPOINT WARNING * * *
You writhe in agony.
* * * LOW HITPOINT WARNING * * *
Grinder hits you but does no damage.
You can move again.
It was a potion of flight.
You feel very buoyant.
You fly up into the air.
Grinder hits you but does no damage.
You closely miss Grinder. Your headbutt misses Grinder. Grinder hits you.
* * * LOW HITPOINT WARNING * * *
You writhe in agony.
* * * LOW HITPOINT WARNING * * *
You hit Grinder. Grinder hits you!
You die...

### ..# ..#
# ..#### #.
(....
#.###5.#
#...@..#
#.#.##.#
#......#
###.####
#.# #.####
# #.##.## #
#.#...####
.
##........+
.


You could see Grinder (unable to see you).

Vanquished Creatures
  A dart slug (D:2)
  2 endoplasms (D:2)
  A giant cockroach (D:2)
  A goblin (D:1)
  A hobgoblin (D:2)
  2 kobolds
  5 ball pythons
  3 bats
  A frilled lizard (D:2)
  A rat (D:1)
18 creatures vanquished.

Vanquished Creatures (others)
  A wizard (D:3)
1 creature vanquished.

Grand Total: 19 creatures vanquished

Notes
Turn   | Place    | Note
-------+----------+-------------------------------------------
     0 | D:1      | theswoord the Demonspawn Gladiator began the quest for the
                  | Orb.
     0 | D:1      | Reached XP level 1. HP: 16/16 MP: 1/1
   539 | D:1      | Found a faded altar of an unknown god.
   541 | D:1      | Noticed a great orb of eyes
   542 | D:1      | Noticed a golden eye
   542 | D:1      | Noticed an eye of devastation
   542 | D:1      | Noticed a floating eye
   892 | D:1      | Reached skill level 3 in Staves
   954 | D:2      | Discovered your monstrous ancestry.
   954 | D:2      | Gained mutation: You have a pair of small horns on your
                  | head. [demonic ancestry]
   954 | D:2      | Reached XP level 2. HP: 22/22 MP: 2/2
  1235 | D:2      | You fall into a shaft and drop 1 floor!
  1278 | D:3      | Found a bloodstained altar of Trog.
  1305 | D:3      | Found an iron altar of Okawaru.
  1332 | D:3      | Noticed a wizard
  1336 | D:3      | Killed a wizard
  1391 | D:3      | Noticed Grinder
  1396 | D:3      | Paralysed by Grinder for 5 turns
  1403 | D:3      | Mangled by Grinder

Skill      XL: |  1 |
---------------+----+-----
Staves         | 3 |  3.6
Fighting       | |  2.0
Throwing       | |  1.7
Dodging        | |  2.6

Action                     || total
---------------------------++-------
  Melee: Quarterstaff      ||    43
         Headbutt          ||     3
  Throw: Throwing net      ||     1
    Use: Scroll            ||     3
         Potion            ||     3
 Armour: Chain mail        ||    28
  Dodge: Dodged            ||    19

Levels and vault maps discovered:
D:1:      evilmike_arrival_plus, layout_basic,
          hellmonk_ecumenical_altar_watching_god
D:2:      layout_loops_cross, serial_glass, glass_columns_b, glass_columns_b
D:3:      layout_loops_corners, trog_wizard, kennysheep_okawaru_gauntlet,
          lightli_temple_of_fire, uniq_grinder
